 Dungeon Crawl Stone Soup version 0.24.0-13-gcf9b319 (webtiles) character file.

Game seed: 17292253383691587174, levelgen mode: deterministic

975 Fang the Covered (level 8, -6/51 HPs)
             Began as a Gargoyle Fighter on Jan 2, 2020.
             Was an Initiate of Trog.
             Killed by divine providence
             ... invoked by an orc priest
              (14 damage)
             ... on level 5 of the Dungeon.
             The game lasted 00:04:40 (4775 turns).

Fang the Covered (Gargoyle Fighter)                 Turns: 4775, Time: 00:04:40

Health: -6/51      AC: 13    Str: 22    XL:     8   Next: 16%
Magic:  8/8        EV:  8    Int:  9    God:    Trog [......]
Gold:   202        SH: 11    Dex:  9    Spells: 7/7 levels left

rFire    . . .     SeeInvis .   a - +1 war axe
rCold    . . .     Gourm    .   B - +1 shield
rNeg     + . .     Faith    .   b - +0 scale mail
rPois    ∞         Spirit   .   (no helmet)
rElec    +         Reflect  .   (no cloak)
rCorr    .         Harm     .   (no gloves)
MR       .....                  (no boots)
Stlth    ..........             (no amulet)
HPRegen  0.17/turn              (no ring)
MPRegen  0.11/turn              (no ring)

@: no status effects
A: negative energy resistance 1, electricity resistance, unbreathing,
petrification resistance, rot immunity, AC +5
a: Renounce Religion


You were on level 5 of the Dungeon.
You worshipped Trog.
Trog was noncommittal.
You were not hungry.

You visited 2 branches of the dungeon, and saw 6 of its levels.

You collected 202 gold pieces.

Inventory:

Hand Weapons
 a - a +1 war axe (weapon)
Armour
 b - a +0 scale mail (worn)
 B - a +1 shield (worn)
Scrolls
 g - a scroll of teleportation
 k - 2 scrolls of identify
Potions
 j - 3 potions of ambrosia
 p - a potion of agility
Comestibles
 c - 6 rations
 d - 3 chunks of flesh


   Skills:
 + Level 5.9 Fighting
 + Level 4.5 Axes
 + Level 6.0 Armour
 + Level 5.9 Shields


You had 7 spell levels left.
You didn't know any spells.
Your spell library was empty.

Dungeon Overview and Level Annotations

Branches:
Dungeon (5/15)             Temple (1/1) D:4

Altars:
Ashenzari
Cheibriados
Dithmenos
Elyvilon
Fedhas
Gozag
Hepliaklqana
Kikubaaqudgha
Makhleb
Nemelex Xobeh
Okawaru
Qazlal
Ru
Sif Muna
Trog
Uskayaw
Vehumet
Xom
Yredelemnul
The Shining One


Innate Abilities, Weirdness & Mutations

You are resistant to torment.
Your stone body is resilient. (AC +5)
You are immune to poison.
You resist negative energy. (rN+)
You are resistant to electric shocks. (rElec)
You can survive without breathing.
You are immune to petrification.
You are immune to rotting.


Message History

The crimson imp blinks!
The orc moves out of view.
You swing at nothing.
You closely miss the crimson imp.
The crimson imp grinds its teeth.
The crimson imp barely misses you.
The orc priest invokes the aid of Beogh against you.
Beogh smites you!
* * * LOW HITPOINT WARNING * * *
The orc shouts!
You hear a shout!
You hit the crimson imp but do no damage.
The crimson imp hits you but does no damage.
The crimson imp blinks!
You swing at nothing.
The crimson imp picks up a beetle and eats it.
You swing at nothing.
An orc comes into view. It is wielding a +0 flail.
You hit the orc priest. You hit the orc.
The orc priest calls down the wrath of Beogh upon you.
Beogh smites you!
You die...

## ....>.. . .....#....
#. ...#..#...
#.###.........
...#.5.....# ..
#......... ..##
##(.....#
...#######..(....#####
#............@.......
###.......#####oo.....#
..........# ##.......
.[##.......# .......
.......<...# .#.....
...##..####.# ##..###
##.<....# ... #......##
o..# .........# ..#


You could see an orc priest, a crimson imp and 2 orcs.

Vanquished Creatures
  Duvessa (D:4)
  An ice beast (D:5)
  A phantom (D:4)
  2 ogres (D:4)
  A centaur (D:5)
  Blork the orc (D:5)
  Dowan (D:3)
  An orc priest (D:4)
  A hound (D:4)
  Natasha (thrice) (D:4)
  An iguana (D:4)
  2 orc wizards (D:4)
  3 adders
  An ooze (D:3)
  An adder skeleton (D:4)
  A worm (D:2)
  A dart slug (D:1)
  2 leopard geckos
  6 orcs
  5 giant cockroaches
  10 goblins
  5 hobgoblins
  6 jackals
  2 kobolds (D:1)
  2 quokkas (D:4)
  3 ball pythons
  7 bats
  5 frilled lizards
  A leopard gecko skeleton (D:4)
  5 rats
82 creatures vanquished.

Notes
Turn   | Place    | Note
-------+----------+-------------------------------------------
     0 | D:1      | Fang the Gargoyle Fighter began the quest for the Orb.
     0 | D:1      | Reached XP level 1. HP: 14/14 MP: 1/1
   294 | D:1      | Reached XP level 2. HP: 19/19 MP: 2/2
   884 | D:2      | Reached XP level 3. HP: 20/23 MP: 3/3
  1463 | D:3      | Reached XP level 4. HP: 27/29 MP: 4/4
  1502 | D:3      | Found a burning altar of Makhleb.
  1809 | D:3      | Reached skill level 4 in Armour
  2118 | D:4      | Found a staircase to the Ecumenical Temple.
  2153 | D:4      | Noticed Duvessa
  2153 | D:4      | Noticed Dowan
  2586 | Temple   | Entered the Ecumenical Temple
  2844 | Temple   | Became a worshipper of Trog the Wrathful
  2869 | D:4      | Killed Duvessa
  2869 | D:4      | Reached XP level 5. HP: 19/34 MP: 5/5
  3121 | D:4      | Reached XP level 6. HP: 39/39 MP: 6/6
  3456 | D:4      | Reached skill level 5 in Fighting
  3456 | D:4      | Reached skill level 5 in Armour
  3456 | D:4      | Reached skill level 5 in Shields
  3694 | D:3      | HP: 2/40 [Dowan/stone arrow (8)]
  3701 | D:3      | Killed Dowan
  3701 | D:3      | Reached XP level 7. HP: 11/44 MP: 7/7
  3974 | D:4      | Noticed Natasha
  3981 | D:4      | Killed Natasha
  4539 | D:4      | Noticed Natasha
  4544 | D:4      | Killed Natasha
  4624 | D:4      | Noticed Natasha
  4636 | D:4      | Killed Natasha
  4709 | D:5      | Entered Level 5 of the Dungeon
  4722 | D:5      | Noticed Blork the orc
  4730 | D:5      | Killed Blork the orc
  4736 | D:5      | Reached XP level 8. HP: 24/51 MP: 8/8
  4742 | D:5      | Reached skill level 6 in Armour
  4775 | D:5      | Killed from afar by an orc priest

Levels and vault maps discovered:
D:1:      minmay_arrival_diagonal_passages, layout_loops_ring
D:2:      layout_basic, first_ration
D:3:      layout_basic, minmay_misc_feat_five, bloody_makhleb
D:4:      layout_gridville, minmay_temple_entry_statues_fountains, uniq_duvessa,
          uniq_natasha
D:5:      layout_rooms, serial_shops, shop, biasface_ghost_orc_armoury,
          uniq_eustachio, uniq_sigmund, uniq_blork_the_orc
Temple:   regret_index_temple_chain_breaker

Skill      XL: |  1  2  3  4  5  6  7  8 |
---------------+-------------------------+-----
Axes           | 2 3 4 |  4.5
Shields        | 4 5 |  5.9
Armour         | 4 5 6 |  6.0
Fighting       | 4 5 |  5.9

Action                   |  1- 3 |  4- 6 |  7- 9 || total
-------------------------+-------+-------+-------++-------
Melee: War axe           |   111 |   152 |    71 ||   334
  Use: Scroll            |       |    10 |       ||    10
       Potion            |       |     2 |       ||     2
  Eat: Chunk             |     2 |     4 |     4 ||    10
       Ration            |       |     1 |       ||     1
Armor: Scale mail        |    89 |    95 |    45 ||   229
Dodge: Dodged            |    49 |    71 |    15 ||   135
Block: Shield            |    83 |   107 |    37 ||   227
